 Dungeon Crawl Stone Soup version 0.15-a0-1230-gf41e293 (webtiles) character file.

226 MrVile the Cudgeler (level 6, -4/59 HPs)
             Began as an Ogre Assassin on June 3, 2014.
             Killed by divine providence
             ... invoked by an orc priest
              (13 damage)
             ... on Level 4 of the Dungeon.
             The game lasted 00:22:28 (3951 turns).

MrVile the Cudgeler (Ogre Assassin)                 Turns: 3951, Time: 00:22:28

HP  -4/59        AC  4     Str 17      XL: 6   Next:  1%
MP   6/6         EV  9     Int 10      God:
Gold 122         SH  0     Dex 13      Spells:  0 memorised,  5 levels left

rFire  . . .     SeeInvis .     a - +2,+3 club
rCold  . . .     Clarity  .     c - +0 robe
rNeg   . . .     rCorr    .     (shield restricted)
rPois  .         rRot     .     (helmet restricted)
rElec  .         Spirit   .     A - +0 cloak
SustAb .         Warding  .     (gloves unavailable)
rMut   .         Stasis   .     (boots unavailable)
Gourm  .                        (no amulet)
MR     .....                    (no ring)
                                (no ring)

@: not resistant to hostile enchantments, unstealthy
A: unfitting armour, tough skin 1
a: no special abilities


You were on level 4 of the Dungeon.
You were very hungry.

You visited 1 branch of the dungeon, and saw 4 of its levels.

You collected 122 gold pieces.

Inventory:

Hand weapons
 a - a +2,+3 club (weapon)
 b - a +0 blowgun
 l - a +0,+1 war axe of electrocution
 x - a cursed -3,-2 whip
 z - a +4,+3 quarterstaff of chaos
Missiles
 e - 8 poisoned needles
 f - 2 curare-tipped needles
 v - 6 needles of sleeping
Armour
 c - a +0 robe (worn)
 d - a +0 cloak
 A - a +0 cloak (worn)
Comestibles
 g - 4 meat rations
 h - 5 fruits
 p - 3 bread rations
 r - a slice of pizza
 t - a beef jerky
Scrolls
 j - a scroll of fog {unknown}
 m - 2 scrolls of magic mapping {unknown}
 s - 2 scrolls of remove curse {unknown}
 u - 2 scrolls of teleportation {unknown}
 w - 2 scrolls of enchant weapon II
 y - a scroll of immolation {unknown}
Potions
 i - a potion of brilliance
 k - a potion of restore abilities {unknown}
 n - a potion of might
 o - a potion of curing
 q - a potion of degeneration {unknown}


   Skills:
 - Level 2.6 Fighting
 * Level 6.2 Maces & Flails
 - Level 2.2 Throwing
 - Level 0.8 Dodging
 + Level 4.7 Stealth


You had 5 spell levels left.
You didn't know any spells.

Dungeon Overview and Level Annotations

Branches:
Dungeon (4/15)
 Temple: D:4-7

Altars:
Makhleb


Innate Abilities, Weirdness & Mutations

You are too large for most types of armour.
You have tough skin (AC +1).


Message History

The orc priest unwields an uncursed short sword.
The orc priest drops an uncursed short sword.
The orc priest picks up a trident.
The orc priest wields a trident.
You hit the orc priest but do no damage.
The orc priest calls down the wrath of Beogh upon you.
You struggle to resist.
You hit the orc priest but do no damage.
The orc priest hits you with a trident.
* * * LOW HITPOINT WARNING * * *
You closely miss the orc priest.
The orc priest hits you but does no damage.
You hit the orc priest.
The orc priest is lightly wounded.
The orc priest hits you with a trident.
* * * LOW HITPOINT WARNING * * *
You hit the orc priest but do no damage.
The orc priest is lightly wounded.
The orc priest mumbles some strange prayers to Beogh against you.
Something smites you!
You die...

#......#.#
#.#......#o#
#.#......#.# §
#.#......#o# .§≈
#.#......#.# .§≈
#.#......#.# .§§
#.#......#.# ..≈
#.#......#.# ..≈
#.###'##@#.#
..≈######.......o).#
...................#
....#######........#
....# #........#
§≈≈.# #........#
###.# #........# #.#
#........#
###.#######........#


You could see an orc priest.

Vanquished Creatures
  Crazy Yiuf (D:3)
  Natasha (thrice) (D:3)
  An orc wizard (D:3)
  3 adders
  2 giant mites
  2 worms
  4 giant geckos
  11 orcs
  6 bats
  8 goblins
  11 hobgoblins
  2 jackals (D:3)
  A quokka (D:3)
  4 giant cockroaches
  6 giant newts
  6 kobolds
  7 rats
78 creatures vanquished.

Notes
Turn   | Place    | Note
--------------------------------------------------------------
     0 | D:1      | MrVile, the Ogre Assassin, began the quest for the Orb.
     0 | D:1      | Reached XP level 1. HP: 22/22 MP: 1/1
    97 | D:1      | Reached XP level 2. HP: 26/29 MP: 2/2
   859 | D:1      | Reached XP level 3. HP: 32/36 MP: 3/3
  1040 | D:1      | Reached skill level 4 in Maces & Flails
  1256 | D:2      | Found a burning altar of Makhleb.
  1268 | D:2      | Reached XP level 4. HP: 23/44 MP: 4/4
  1892 | D:3      | Reached skill level 5 in Maces & Flails
  2146 | D:3      | Reached XP level 5. HP: 47/50 MP: 5/5
  2361 | D:3      | Noticed Natasha
  2374 | D:3      | Killed Natasha
  2743 | D:3      | Noticed Crazy Yiuf
  2760 | D:3      | Killed Crazy Yiuf
  2866 | D:3      | Noticed Natasha
  2881 | D:3      | Killed Natasha
  2881 | D:3      | Reached skill level 6 in Maces & Flails
  3418 | D:3      | Noticed Natasha
  3429 | D:3      | Killed Natasha
  3932 | D:4      | Reached XP level 6. HP: 28/59 MP: 6/6
  3951 | D:4      | Killed from afar by an orc priest

Action                   |  1- 3 |  4- 6 || total
-------------------------+-------+-------++-------
Melee: Club              |   106 |   225 ||   331
  Use: Potion            |     2 |     1 ||     3
       Scroll            |       |     4 ||     4
 Stab: Sleeping          |     3 |     4 ||     7
